AoeStats
← ThePunisher1805

Lombardia

509195879Analyzed
3v3 RM · 7d ago on Sep 25, 2026· 62m 40s· 6 players
Game mode
Random Map
Map size
Normal (6 player)
Population
200
Speed
Normal
Resources
Standard
Victory
Conquest
Starting age
Dark Age
Ending age
Imperial Age
RankedLock teamsTeams togetherTeam positionsShared explorationLock speedFull tech treeHidden civsTurbo modeCheats
Victory
Defeat
🇨🇱 Khmer · Chile
1160
+15
🇨🇱 Celts · Chile
1121
+17
🇨🇱 Franks · Chile
957
+23
🇳🇱 Vietnamese · Netherlands
1157
-19
🇳🇱 Hindustanis · Netherlands
1135
-19
🇳🇱 Poles · Netherlands
1092
-17
VonPiatre
0:52 Loom
13:12 Feudal Age
18:50 Castle Age
16:58 Double-Bit Axe
17:55 Horse Collar
24:51 Town Watch
25:42 Wheelbarrow
27:00 Pikeman
35:56 Heavy Plow
37:46 Hand Cart
38:54 Bow Saw
43:40 Imperial Age
41:13 Scale Mail Armor
41:24 Forging
43:01 Chain Mail Armor
44:42 Iron Casting
48:24 Blast Furnace
48:02 Conscription
48:18 Plate Mail Armor
48:37 Caravan
48:07 Elite Woad Raider
60:14 Fervor
Cisco Beats
8:37 Loom
10:23 Feudal Age
13:37 Castle Age
11:47 Double-Bit Axe
12:14 Horse Collar
21:20 Scale Barding Armor
21:33 Bloodlines
22:23 Husbandry
24:06 Chain Barding Armor
24:58 Wheelbarrow
24:09 Town Watch
26:57 Ballistics
31:27 Heavy Plow
31:45 Bow Saw
37:42 Imperial Age
38:25 Double Crossbow
40:02 Chemistry
40:16 Plate Barding Armor
40:38 Siege Engineers
41:34 Fletching
43:01 Conscription
44:09 Bodkin Arrow
49:13 Elite Ballista Elephant
52:24 Bracer
matperez302
13:22 Feudal Age
18:37 Castle Age
17:41 Double-Bit Axe
25:12 Pikeman
25:55 Scale Mail Armor
26:05 Forging
27:35 Forging
27:41 Chain Mail Armor
35:43 Iron Casting
35:23 Chain Mail Armor
35:13 Scale Barding Armor
39:02 Gold Mining
39:03 Stone Mining
41:55 Imperial Age
45:28 Imperial Age
44:36 Chain Barding Armor
46:18 Fortified Wall
47:10 Chemistry
46:03 Cavalier
50:15 Paladin
56:42 Gold Shaft Mining
57:42 Blast Furnace
57:12 Plate Mail Armor
57:18 Plate Barding Armor
Tapi
8:50 Loom
11:10 Feudal Age
13:45 Double-Bit Axe
13:59 Gold Mining
16:36 Castle Age
14:58 Fletching
16:37 Wheelbarrow
16:46 Horse Collar
16:41 Crossbowman
20:25 Ballistics
21:35 Bodkin Arrow
23:30 Padded Archer Armor
31:24 Wheelbarrow
34:22 Bow Saw
34:29 Hand Cart
34:25 Thumb Ring
38:54 Imperial Age
37:43 Stone Mining
39:05 Leather Archer Armor
39:29 Onager
40:58 Bracer
43:58 Chemistry
45:11 Siege Engineers
46:46 Arbalester
48:33 Paper Money
55:03 Caravan
59:10 Town Watch
MLGGandalf
3:13 Loom
12:10 Feudal Age
17:51 Castle Age
16:56 Double-Bit Axe
16:56 Horse Collar
19:21 Scale Barding Armor
21:21 Scale Barding Armor
22:23 Forging
28:36 Chain Barding Armor
29:06 Bloodlines
28:57 Husbandry
30:06 Gold Mining
30:07 Stone Mining
30:32 Bow Saw
30:49 Scale Mail Armor
31:54 Pikeman
33:09 Town Watch
33:36 Squires
34:18 Chain Mail Armor
36:16 Wheelbarrow
37:29 Iron Casting
43:25 Imperial Age
46:18 Blast Furnace
46:20 Conscription
46:35 Heavy Camel Rider
51:36 Plate Barding Armor
52:51 Fletching
53:02 Padded Archer Armor
54:09 Two-Man Saw
54:09 Thumb Ring
54:15 Bodkin Arrow
56:34 Chemistry
55:57 Ballistics
55:55 Leather Archer Armor
56:31 Heavy Plow
59:18 Bracer
62:52 Hand Cart
ThePunisher1805
12:57 Feudal Age
13:47 Horse Collar
15:34 Wheelbarrow
18:02 Forging
18:02 Scale Barding Armor
18:52 Wheelbarrow
20:35 Castle Age
18:24 Double-Bit Axe
21:11 Bloodlines
22:58 Chain Barding Armor
23:59 Heavy Plow
24:12 Bow Saw
26:53 Husbandry
27:08 Forging
27:29 Gold Mining
27:47 Szlachta Privileges
28:50 Loom
29:15 Town Watch
30:39 Iron Casting
30:31 Light Cavalry
35:44 Imperial Age
34:40 Hand Cart
38:46 Blast Furnace
38:54 Cavalier
51:25 Winged Hussar
54:17 Lechitic Legacy
Connection lost

Rejoining the realm…

Still unreachable

The connection could not be restored.

Session expired

The server has moved on; the page needs a fresh start.